NCAA
WASHINGTON STATE COUGARS @ NORTHWESTERN WILDCATS
05/16/2023
 
TOP OF THE 1ST
Washington State Cougars batting - Pitching for Northwestern Wildcats : RHP Jack Cooper
Pitching: RHP Jack Cooper
Batting: RHB Ramón Román 0-0: Ball
1-0: Ball
2-0: Fly out, F7 (Flyball, 78M)
Batting: RHB José Velázquez 0-0: SOLO HOME RUN (Flyball, 7D), Distance : 365 ft
Batting: SHB Tony Matos 0-0: Ball
1-0: Ball
2-0: Swinging Strike
2-1: Swinging Strike
2-2: Foul Ball, location: 2F
2-2: Strikes out swinging
Batting: LHB Allen Shepherd 0-0: Ball
1-0: Called Strike
1-1: Foul Ball, location: 2F
1-2: Ball
2-2: Strikes out swinging
Top of the 1st over - 1 run(s), 1 hit(s), 0 error(s), 0 left on base; Washington State 1 - Northwestern 0
BOTTOM OF THE 1ST
Northwestern Wildcats batting - Pitching for Washington State Cougars : RHP Mike Ramos
Pitching: RHP Mike Ramos
Batting: RHB Pablo Velásquez 0-0: Ball
1-0: Ball
2-0: Foul Ball, location: 2F
2-1: Swinging Strike
2-2: Foul Ball, location: 2F
2-2: Foul Ball, location: 2F
2-2: Foul Ball, location: 2F
2-2: Foul Ball, location: 2F
2-2: Strikes out looking
Batting: RHB John Miller 0-0: Ball
1-0: Reached on error, E5 (Groundball, 5)
Batting: SHB Arnold Maddox 0-0: Ball
1-0: Called Strike
1-1: Ball
2-1: Foul Ball, location: 2F
2-2: Ball
3-2: Base on Balls
Batting: RHB Truman Younger 0-0: Foul Ball, location: 2F
0-1: Called Strike
0-2: Strikes out swinging
Batting: RHB Woody Hall 0-0: Fielders Choice at 2nd, U4 (Groundball, 4M)
Bottom of the 1st over - 0 run(s), 0 hit(s), 1 error(s), 2 left on base; Washington State 1 - Northwestern 0
TOP OF THE 2ND
Washington State Cougars batting - Pitching for Northwestern Wildcats : RHP Jack Cooper
Batting: RHB Tommy Wilson 0-0: Ball
1-0: Ball
2-0: Fly out, F9 (Flyball, 89D)
Batting: SHB Martín Cruz 0-0: Ball
1-0: Ball
2-0: SINGLE (Line Drive, 56)
Batting: RHB Keith Ivey 0-0: Ball
1-0: Ball
2-0: Swinging Strike
2-1: Swinging Strike
2-2: Strikes out swinging
Batting: RHB Jayson Clark Single, Error in OF, E7, batter to second base
Martín Cruz to third
Batting: RHB Enrique Cruz 0-0: Called Strike
0-1: Foul Ball, location: 2F
0-2: Ball
1-2: Foul Ball, location: 2F
1-2: Foul Ball, location: 2F
1-2: Strikes out looking
Top of the 2nd over - 0 run(s), 2 hit(s), 1 error(s), 2 left on base; Washington State 1 - Northwestern 0
BOTTOM OF THE 2ND
Northwestern Wildcats batting - Pitching for Washington State Cougars : RHP Mike Ramos
Batting: SHB Tim Taylor 0-0: Called Strike
0-1: Foul Ball, location: 2F
0-2: Strikes out swinging
Batting: RHB Howard Russell 0-0: Swinging Strike
0-1: Ball
1-1: Ball
2-1: Foul Ball, location: 2F
2-2: Ground out 6-3 (Groundball, 6)
Batting: RHB Andrés Ibáñez 0-0: Foul Ball, location: 2F
0-1: Called Strike
0-2: Ball
1-2: Foul Ball, location: 2F
1-2: Strikes out swinging
Bottom of the 2nd over - 0 run(s), 0 hit(s), 0 error(s), 0 left on base; Washington State 1 - Northwestern 0
TOP OF THE 3RD
Washington State Cougars batting - Pitching for Northwestern Wildcats : RHP Jack Cooper
Batting: RHB Ramón Román 0-0: Called Strike
0-1: Ball
1-1: Ball
2-1: Called Strike
2-2: Strikes out swinging
Batting: RHB José Velázquez 0-0: Foul Ball, location: 2F
0-1: Ball
1-1: Ball
2-1: Ball
3-1: Swinging Strike
3-2: Base on Balls
Batting: SHB Tony Matos 0-0: Ball
1-0: Swinging Strike
1-1: Ball
2-1: Foul Ball, location: 2F
2-2: Foul Ball, location: 2F
2-2: Foul Ball, location: 2F
2-2: Strikes out swinging
Batting: LHB Allen Shepherd 0-0: Ball
1-0: Ball
2-0: Called Strike
2-1: Foul Ball, location: 2F
2-2: Ground out 5-3 (Groundball, 5S)
Top of the 3rd over - 0 run(s), 0 hit(s), 0 error(s), 1 left on base; Washington State 1 - Northwestern 0
BOTTOM OF THE 3RD
Northwestern Wildcats batting - Pitching for Washington State Cougars : RHP Mike Ramos
Batting: RHB Thomas Brennan 0-0: Swinging Strike
0-1: Ball
1-1: Foul Ball, location: 2F
1-2: Ball
2-2: Strikes out swinging
Batting: RHB Pablo Velásquez 0-0: Ball
1-0: Swinging Strike
1-1: Fly out, F9 (Flyball, 9M)
Batting: RHB John Miller 0-0: Ball
1-0: Fly out, F9 (Flyball, 9S)
Bottom of the 3rd over - 0 run(s), 0 hit(s), 0 error(s), 0 left on base; Washington State 1 - Northwestern 0
TOP OF THE 4TH
Washington State Cougars batting - Pitching for Northwestern Wildcats : RHP Jack Cooper
Batting: RHB Tommy Wilson 0-0: DOUBLE (Flyball, 8RXD)
Batting: SHB Martín Cruz 0-0: Ball
1-0: Ground out 4-3 (Groundball, 34)
Tommy Wilson to third
Batting: RHB Keith Ivey 0-0: Ball
1-0: Fly out, F8 (Flyball, 8RM)
Runner from 3rd tags up, SCORES, throw made
Batting: RHB Jayson Clark 0-0: Ball
1-0: Swinging Strike
Single, Error in OF, E9, batter to second base
Batting: RHB Enrique Cruz 0-0: Ball
1-0: Swinging Strike
1-1: Ball
2-1: Swinging Strike
2-2: Strikes out swinging
Top of the 4th over - 1 run(s), 2 hit(s), 1 error(s), 1 left on base; Washington State 2 - Northwestern 0
BOTTOM OF THE 4TH
Northwestern Wildcats batting - Pitching for Washington State Cougars : RHP Mike Ramos
Batting: SHB Arnold Maddox 0-0: Called Strike
0-1: Ball
1-1: Ball
2-1: Ball
3-1: Foul Ball, location: 2F
3-2: SINGLE (Groundball, 6M)
Batting: RHB Truman Younger 0-0: Ball
1-0: Called Strike
1-1: Ball
2-1: Grounds into double play, 4-6-3 (Groundball, 4)
Batting: RHB Woody Hall 0-0: Called Strike
0-1: Ground out 6-3 (Groundball, 56)
Bottom of the 4th over - 0 run(s), 1 hit(s), 0 error(s), 0 left on base; Washington State 2 - Northwestern 0
TOP OF THE 5TH
Washington State Cougars batting - Pitching for Northwestern Wildcats : RHP Jack Cooper
Batting: RHB Ramón Román 0-0: Ball
1-0: Foul Ball, location: 2F
1-1: Ball
2-1: Ball
3-1: Called Strike
3-2: Base on Balls
Batting: RHB José Velázquez 0-0: Ball
1-0: Ball
2-0: Called Strike
2-1: Ball
3-1: Base on Balls
Ramón Román to second
Pitching: RHP Ben Tucker
Batting: SHB Tony Matos 0-0: Ball
1-0: Ball
2-0: Called Strike
Ramón Román steals 3rd base
José Velázquez to second
2-1: Foul Ball, location: 2F
2-2: Ball
3-2: Ground out 1-3 (Groundball, 13S)
Batting: LHB Allen Shepherd 0-0: Called Strike
0-1: Ball
1-1: Foul Ball, location: 2F
1-2: Ball
2-2: Strikes out looking
Batting: RHB Tommy Wilson 0-0: Called Strike
0-1: Swinging Strike
0-2: SINGLE (Groundball, 56)
Ramón Román scores
José Velázquez to third
Runner from 3rd tries for Home, SAFE, no throw or cutoff
Batting: SHB Martín Cruz 0-0: Foul Ball, location: 2F
0-1: Ball
1-1: SINGLE (Groundball, 34D)
Tommy Wilson to second
Batting: RHB Keith Ivey 0-0: Ball
1-0: Ground out 1-3 (Groundball, 13S)
Top of the 5th over - 2 run(s), 2 hit(s), 0 error(s), 2 left on base; Washington State 4 - Northwestern 0
BOTTOM OF THE 5TH
Northwestern Wildcats batting - Pitching for Washington State Cougars : RHP Mike Ramos
Batting: SHB Tim Taylor 0-0: Ball
1-0: Called Strike
1-1: SINGLE (Line Drive, 4MD)
Batting: RHB Howard Russell 0-0: Called Strike
0-1: Ball
1-1: Ball
2-1: Ball
3-1: Fly out, F8 (Flyball, 8LD)
Batting: RHB Andrés Ibáñez 0-0: Grounds into double play, U6-3 (Groundball, 6M)
Bottom of the 5th over - 0 run(s), 1 hit(s), 0 error(s), 0 left on base; Washington State 4 - Northwestern 0
TOP OF THE 6TH
Washington State Cougars batting - Pitching for Northwestern Wildcats : RHP Ben Tucker
Batting: RHB Jayson Clark 0-0: Fly out, F4 (Popup, 34)
Batting: RHB Enrique Cruz 0-0: Ball
1-0: SINGLE (Groundball, 6MD)
Batting: RHB Ramón Román Balk!
Enrique Cruz to second
0-0: Ball
1-0: Ball
2-0: Fly out, F6 (Popup, 56)
Batting: RHB José Velázquez 0-0: Ball
1-0: Ball
2-0: Ball
3-0: Base on Balls
Batting: SHB Tony Matos 0-0: Ball
1-0: Ground out 6-3 (Groundball, 6)
Top of the 6th over - 0 run(s), 1 hit(s), 0 error(s), 2 left on base; Washington State 4 - Northwestern 0
BOTTOM OF THE 6TH
Northwestern Wildcats batting - Pitching for Washington State Cougars : RHP Mike Ramos
Batting: RHB Thomas Brennan 0-0: Ball
1-0: Foul Ball, location: 2F
1-1: Called Strike
1-2: Strikes out swinging
Batting: RHB Pablo Velásquez 0-0: Called Strike
0-1: Ball
1-1: Ball
2-1: Ball
3-1: SINGLE (Line Drive, 56D)
Batting: RHB John Miller 0-0: Ball
1-0: Called Strike
1-1: SINGLE (Groundball, 4MD)
Pablo Velásquez to second
Batting: SHB Arnold Maddox 0-0: Foul Ball, location: 2F
0-1: Ball
1-1: Swinging Strike
1-2: SINGLE (Groundball, 34)
Pablo Velásquez to third
John Miller to second
Runner from 3rd tries for Home, SAFE, no throw or cutoff
Pitching: RHP Jorge González
Batting: RHB Truman Younger 0-0: Called Strike
0-1: Foul Ball, location: 2F
0-2: Ball
1-2: Strikes out swinging
Batting: RHB Woody Hall 0-0: Swinging Strike
0-1: Ground out 5-3 (Groundball, 6)
Bottom of the 6th over - 1 run(s), 3 hit(s), 0 error(s), 2 left on base; Washington State 4 - Northwestern 1
TOP OF THE 7TH
Washington State Cougars batting - Pitching for Northwestern Wildcats : RHP Ben Tucker
Pitching: RHP Júlio Ortíz
Batting: LHB Allen Shepherd 0-0: Ball
1-0: Swinging Strike
1-1: Ball
2-1: Fly out, F9 (Flyball, 89M)
Batting: RHB Tommy Wilson 0-0: Fly out, F8 (Flyball, 8RD)
Batting: SHB Martín Cruz 0-0: Swinging Strike
0-1: Ball
1-1: Foul Ball, location: 2F
1-2: Strikes out swinging
Top of the 7th over - 0 run(s), 0 hit(s), 0 error(s), 0 left on base; Washington State 4 - Northwestern 1
BOTTOM OF THE 7TH
Northwestern Wildcats batting - Pitching for Washington State Cougars : RHP Jorge González
Batting: SHB Tim Taylor 0-0: Ball
1-0: Ball
2-0: Ball
3-0: Base on Balls
Batting: RHB Howard Russell 0-0: Grounds into double play, 6-4-3 (Groundball, 6)
Batting: RHB Andrés Ibáñez Single, Error in OF, E8, batter to second base
Batting: RHB Thomas Brennan 0-0: Fly out, F2 (Popup, 2RF)
Bottom of the 7th over - 0 run(s), 1 hit(s), 1 error(s), 1 left on base; Washington State 4 - Northwestern 1
TOP OF THE 8TH
Washington State Cougars batting - Pitching for Northwestern Wildcats : RHP Júlio Ortíz
Batting: RHB Keith Ivey 0-0: Called Strike
0-1: Ball
1-1: Ball
2-1: Ball
3-1: Base on Balls
Batting: RHB Jayson Clark 0-0: Sac Bunt - play at first, batter OUT! 1-3
Keith Ivey to second
Batting: RHB Enrique Cruz 0-0: Intentional Walk
Batting: RHB Ramón Román 0-0: Ball
1-0: Ball
2-0: Called Strike
2-1: Called Strike
2-2: Ball
3-2: Base on Balls
Keith Ivey to third
Enrique Cruz to second
Batting: RHB José Velázquez 0-0: Fly out, F8 (Flyball, 8LM)
Runner from 3rd tags up, SCORES, no throw
Batting: SHB Tony Matos 0-0: Fielders Choice at 2nd, 6-4 (Groundball, 6)
Top of the 8th over - 1 run(s), 0 hit(s), 0 error(s), 1 left on base; Washington State 5 - Northwestern 1
BOTTOM OF THE 8TH
Northwestern Wildcats batting - Pitching for Washington State Cougars : RHP Jorge González
Batting: RHB Pablo Velásquez 0-0: Foul Ball, location: 2F
0-1: Ball
1-1: Called Strike
1-2: Ball
2-2: Foul Ball, location: 2F
2-2: Foul Ball, location: 2F
2-2: Foul Ball, location: 2F
2-2: Foul Ball, location: 2F
2-2: Ball
3-2: Base on Balls
Batting: RHB John Miller 0-0: Ball
1-0: Called Strike
1-1: SINGLE (Line Drive, 4M)
Pablo Velásquez to second
Pitching: RHP Bo Adams
Batting: SHB Arnold Maddox 0-0: Called Strike
0-1: Called Strike
0-2: Ball
1-2: Ball
2-2: Ground out 4-3 (Groundball, 4M)
Pablo Velásquez to third
John Miller to second
Batting: RHB Truman Younger 0-0: Ball
1-0: Ball
2-0: SINGLE (Groundball, 6MD)
Pablo Velásquez scores
John Miller to third
Runner from 3rd tries for Home, SAFE, no throw or cutoff
Batting: RHB Woody Hall 0-0: Ball
1-0: Foul Ball, location: 2F
1-1: SINGLE (Groundball, 6MD)
Truman Younger to second
Pitching: LHP George Sheppard
Pinch Runner at 2nd Bill Christian:
Batting: SHB Tim Taylor 0-0: Called Strike
0-1: Called Strike
0-2: Ball
1-2: Ball
2-2: Foul Ball, location: 2F
2-2: Ball
3-2: Grounds into double play, 3-6-1 (Groundball, 3)
Bottom of the 8th over - 2 run(s), 3 hit(s), 0 error(s), 1 left on base; Washington State 5 - Northwestern 3
TOP OF THE 9TH
Washington State Cougars batting - Pitching for Northwestern Wildcats : RHP Júlio Ortíz
Pitching: RHP Ken Ferguson
Batting: LHB Allen Shepherd 0-0: Swinging Strike
0-1: Ground out 4-3 (Groundball, 34)
Batting: RHB Tommy Wilson 0-0: Swinging Strike
0-1: Ball
1-1: Ball
2-1: Foul Ball, location: 2F
2-2: Foul Ball, location: 2F
2-2: Strikes out swinging
Batting: SHB Martín Cruz 0-0: Called Strike
0-1: Fly out, F7 (Flyball, 78S)
Top of the 9th over - 0 run(s), 0 hit(s), 0 error(s), 0 left on base; Washington State 5 - Northwestern 3
BOTTOM OF THE 9TH
Northwestern Wildcats batting - Pitching for Washington State Cougars : LHP George Sheppard
Pitching: RHP John Wooten
Now at C: Víctor Ocampo
Batting: RHB Howard Russell 0-0: Reached on Error, E9 (Line Drive, 9M)
Batting: RHB Andrés Ibáñez 0-0: Ball
1-0: Ball
2-0: Ball
3-0: Called Strike
3-1: Base on Balls
Howard Russell to second
Batting: RHB Thomas Brennan 0-0: Ball
1-0: Ball
2-0: Ball
3-0: Base on Balls
Howard Russell to third
Andrés Ibáñez to second
Batting: RHB Pablo Velásquez 0-0: Ball
1-0: Fly out, F8 (Flyball, 8LM)
Runner from 3rd tags up, SCORES, no throw
Batting: RHB John Miller 0-0: Ball
1-0: Fly out, F4 (Popup, 4S)
Batting: SHB Arnold Maddox 0-0: Ball
1-0: Called Strike
1-1: Ball
2-1: Called Strike
2-2: Foul Ball, location: 2F
2-2: Foul Ball, location: 2F
2-2: Strikes out looking
Bottom of the 9th over - 1 run(s), 0 hit(s), 1 error(s), 2 left on base; Washington State 5 - Northwestern 4
This league is powered by Out of the Park Baseball, the baseball management simulation game for PC, Mac and Linux
Wednesday, December 2nd, 2015 - OOTP Baseball 16.8 Build 38